AoeStats
← 櫻道花炎

Arabia

509847249Analyzed
1v1 RM · 5d ago on Sep 28, 2026· 51m 14s· 2 players
Game mode
Random Map
Map size
Tiny (2 player)
Population
200
Speed
Normal
Resources
Standard
Victory
Conquest
Starting age
Dark Age
Ending age
Imperial Age
RankedLock teamsTeams togetherTeam positionsShared explorationLock speedFull tech treeHidden civsTurbo modeCheats
Victory
Defeat
🇬🇪 Byzantines · Georgia
1457
+15
🇹🇼 Britons · Taiwan
1431
-15
櫻道花炎
6:46 Loom
9:25 Feudal Age
10:08 Double-Bit Axe
13:34 Fletching
13:50 Horse Collar
16:03 Padded Archer Armor
21:54 Castle Age
22:23 Wheelbarrow
22:30 Bodkin Arrow
21:57 Crossbowman
29:44 Bow Saw
29:58 Gold Mining
31:59 Ballistics
38:09 Imperial Age
37:15 Leather Archer Armor
36:27 Pikeman
37:08 Squires
37:10 Scale Mail Armor
38:22 Squires
38:07 Arson
38:33 Forging
38:15 Arbalester
39:50 Bracer
40:50 Warwolf
42:16 Chemistry
41:20 Halberdier
43:09 Chain Mail Armor
42:45 Treadmill Crane
46:23 Iron Casting
49:46 Elite Skirmisher
52:00 Plate Mail Armor
jempajempa
6:36 Loom
9:56 Feudal Age
10:32 Double-Bit Axe
14:12 Fletching
18:21 Padded Archer Armor
20:46 Castle Age
21:31 Bodkin Arrow
21:16 Elite Skirmisher
23:21 Bow Saw
23:32 Bow Saw
24:59 Leather Archer Armor
26:03 Horse Collar
29:48 Wheelbarrow
29:39 Ballistics
29:46 Stone Mining
36:20 Imperial Age
34:53 Hand Cart
36:05 Thumb Ring
36:56 Husbandry
37:03 Bracer
38:13 Chemistry
39:08 Ring Archer Armor
38:43 Scale Barding Armor
38:48 Forging
42:52 Chain Barding Armor
42:58 Elite Cataphract
44:18 Plate Barding Armor
45:09 Heavy Plow
46:11 Two-Man Saw
45:02 Gold Mining
47:13 Conscription
Connection lost

Rejoining the realm…

Still unreachable

The connection could not be restored.

Session expired

The server has moved on; the page needs a fresh start.